 Dungeon Crawl Stone Soup version 0.31-a0-145-g046c7d2549 (console) character file.

Game seed: 17295870959945380686

139634 Ignak the Warrior (level 17, -6/183 (184) HPs)
             Began as an Ogre Hedge Wizard on June 5, 2023.
             Was the Champion of Okawaru.
             Mangled by a broodmother (35 damage)
             ... on level 3 of the Spider Nest.
             The game lasted 01:44:28 (33347 turns).

Ignak the Warrior (Ogre Hedge Wizard)              Turns: 33347, Time: 01:44:28

HP:   -6/183 (184)  AC: 10    Str: 27 (28) XL:     17   Next: 29%
MP:   1/32          EV: 16    Int: 16 (20) God:    Okawaru [******]
Gold: 731           SH:  5    Dex:  6 (8)  Spells: 5/38 levels left

rFire   . . .        a - +7 hand axe {speed, rElec rPois Str+6}
rCold   + . .        (no shield)
rNeg    . . .        H - +2 troll leather armour
rPois   +            Z - +2 hat
rElec   +            O - +0 cloak of Protective Custody {rC+}
rCorr   +            (gloves unavailable)
SInv    +            (boots unavailable)
Will    +....        l - amulet of Yendor {Reflect Fly rCorr Int+3 SH+5 SInv}
Stlth   +            J - +4 ring of protection
HPRegen 1.30/turn    v - +5 ring of evasion
MPRegen 0.23/turn

%: reflection
@: radiating poison, corroded, flying, studying Poison Magic, lightly drained
A: large, unfitting armour, tough skin 1, see invisible
a: Renounce Religion, Heroism, Finesse, Duel


You were on level 3 of the Spider Nest.
You worshipped Okawaru.
Okawaru was exalted by your worship.
You visited 5 branches of the dungeon, and saw 26 of its levels.
You also visited: Gauntlet.

You collected 2366 gold pieces.
You spent 1635 gold pieces at shops.

Inventory:

Hand Weapons
 a - the +7 hand axe "Xin Qex" (weapon) {speed, rElec rPois Str+6}
   (You found it on level 1 of the Lair of Beasts)

   Str:       It affects your strength (+6).
   rElec:     It insulates you from electricity.
   rPois:     It protects you from poison.
 b - the +8 broad axe of Somewhere Else {holy, rElec rC- Str+4}
   (You bought it in a shop on level 2 of the Orcish Mines)

   Str:       It affects your strength (+4).
   rC:        It makes you vulnerable to cold.
   rElec:     It insulates you from electricity.
 c - a +8 vampiric broad axe
 e - a +4 vampiric eveningstar
 A - a +5 executioner's axe of electrocution
Missiles
 p - 25 poisoned darts
 C - 71 large rocks (quivered)
 E - a throwing net
Armour
 m - a +0 tower shield
 t - a +0 cloak of poison resistance
 B - a +2 robe of cold resistance
 H - a +2 troll leather armour (worn)
 O - the +0 cloak of Protective Custody (worn) {rC+}
   (Okawaru gifted it to you on level 4 of the Lair of Beasts)

   rC:        It protects you from cold.
 T - the +0 hat "Iralonop" {rPois Regen+ MP-9 SInv}
   (Okawaru gifted it to you on level 2 of the Lair of Beasts)

   rPois:     It protects you from poison.
   MP:        It affects your magic capacity (-9).
   SInv:      It lets you see invisible.
   Regen:     It increases your rate of health regeneration.
 Z - a +2 hat (worn)
Jewellery
 l - the amulet of Yendor (around neck) {Reflect Fly rCorr Int+3 SH+5 SInv}
   (You found it on level 2 of the Dungeon)

   [amulet of reflection]

   It reflects blocked missile attacks.
   Int:       It affects your intelligence (+3).
   SInv:      It lets you see invisible.
   Fly:       It grants you flight.
   rCorr:     It protects you from acid and corrosion.
   SH:        It affects your SH (+5).
 v - a +5 ring of evasion (right hand)
 F - a +4 ring of protection
 J - a +4 ring of protection (left hand)
 W - the ring of Aneliufo {rF+ rC+}
   (You found it in a Gauntlet)

   [ring of protection from cold]

   rF:        It protects you from fire.
   rC:        It protects you from cold.
Wands
 h - a wand of paralysis (28)
 I - a wand of mindburst (7)
 K - a wand of iceblast (13)
 L - a wand of polymorph (5)
 P - a wand of quicksilver (12)
 S - a wand of flame (33)
 V - a wand of digging (3)
Scrolls
 g - 11 scrolls of teleportation
 i - 4 scrolls of blinking
 o - 3 scrolls of fog
 q - 6 scrolls of poison
 s - 4 scrolls of vulnerability
 u - 3 scrolls of identify
 y - a scroll of fear
 D - 2 scrolls of silence
 Q - 2 scrolls of amnesia
 X - a scroll of magic mapping
Potions
 d - a potion of magic
 f - a potion of haste {unknown}
 k - 5 potions of enlightenment
 n - 5 potions of resistance
 r - 2 potions of cancellation
 w - 2 potions of might {unknown}
 x - 2 potions of brilliance
 z - a potion of mutation {unknown}
Miscellaneous
 j - a tin of tremorstones (2/2)
 G - a phial of floods (inert)


   Skills:
 + Level 15.2 Fighting
 * Level 13.5 Axes
 - Level 1.0(8.0) Maces & Flails
 - Level 4.0 Armour
 + Level 9.2 Dodging
 - Level 1.4 Stealth
 - Level 1.0 Unarmed Combat
 + Level 11.2 Spellcasting
 - Level 8.0 Conjurations
 - Level 0.9 Summonings
 - Level 3.0 Translocations
 * Level 1.4 Transmutations
 - Level 8.0 Ice Magic
 - Level 2.0 Air Magic
 - Level 8.0 Earth Magic
 + Level 11.9 Poison Magic
 - Level 10.0 Invocations


You had 5 spell levels left.
You knew the following spells:

 Your Spells              Type           Power      Damage    Failure   Level
a - Magic Dart            Conj           100%       1d8       1%          1
b - Blink                 Tloc           36%        N/A       4%          2
c - Lee's Rapid Deconstr  Erth           17%        3d10*     10%         5
d - Mephitic Cloud        Conj/Pois/Air  32%        N/A       1%          3
e - Freezing Cloud        Conj/Ice/Air   14%        6-21      22%         5
f - Stone Arrow           Conj/Erth      68%        3d11      1%          3
g - Ozocubu's Armour      Ice            34%        N/A       1%          3
q - Wereblood             Tmut           13%        N/A       8%          2
t - Passwall              Tmut/Erth      20%        N/A       1%          2
x - Ignite Poison         Fire/Tmut/Pois 23%        N/A       4%          3
z - Olgreb's Toxic Radia  Pois           47%        N/A       1%          4

Your spell library contained the following spells:

 Spells                   Type           Power      Damage    Failure   Level
 Freeze                   Ice            100%       1d10      1%          1
 Kiss of Death            Conj/Necr      84%        2d11      1%          1
 Sandblast                Erth           68%        2d15      1%          1
 Cigotuvi's Dreadful Rot  Necr/Pois/Air  46%        N/A       1%          2
 Poisonous Vapours        Pois/Air       62%        N/A       1%          2
 Frozen Ramparts          Ice            68%        1d11      1%          3
 Hailstorm                Conj/Ice       34%        3d9       1%          3
 Apportation              Tloc           36%        N/A       2%          1
 Ensorcelled Hibernation  Hex/Ice        42%        N/A       2%          2
 Beastly Appendage        Tmut           26%        N/A       4%          1
 Dazzling Flash           Conj/Hex       42%        N/A       5%          3
 Slow                     Hex            36%        N/A       9%          1
 Vhi's Electric Charge    Tloc/Air       34%        N/A       10%         3
 Iskenderun's Mystic Bla  Conj/Tloc      26%        2d7       10%         4
 Swiftness                Air            15%        N/A       12%         3
 Volatile Blastmotes      Fire/Tloc      26%        2d12      14%         3
 Alistair's Intoxication  Tmut/Pois      20%        N/A       16%         5
 Fulminant Prism          Conj/Hex       10%        3d9       17%         4
 Confusing Touch          Hex            9%         N/A       26%         3
 Passage of Golubria      Tloc           18%        N/A       26%         4
 Arcjolt                  Conj/Air       12%        1d22      32%         5
 Borgnjor's Vile Clutch   Necr/Erth      10%        N/A       43%         5
 Dispel Undead            Necr           9%         3d8       65%         4
 Blade Hands              Tmut           6%         N/A       80%         5
 Silence                  Hex/Air        6%         N/A       86%         5
 Yara's Violent Unravell  Hex/Tmut       5%         3d4       88%         5
 Agony                    Necr           9%         N/A       94%         5
 Eringya's Noxious Bog    Tmut/Pois      15%        N/A       65%         6
 Statue Form              Tmut/Erth      16%        N/A       89%         6
 Starburst                Conj/Fire      10%        6d5       95%         6
 Ozocubu's Refrigeration  Ice            17%        4d11      96%         7
 Plasma Beam              Fire/Air       6%         2x1d16    100%        6
 Borgnjor's Revivificati  Necr           4%         N/A       100%        8
 Discord                  Hex            4%         N/A       100%        8
 Ignition                 Fire           4%         3d4       100%        8
 Necromutation            Tmut/Necr      5%         N/A       100%        8
 Death's Door             Necr           4%         N/A       100%        9
 Call Imp                 Summ           Unusable   N/A       N/A         2
 Tukima's Dance           Hex            Unusable   N/A       N/A         3

Dungeon Overview and Level Annotations

Branches:
Dungeon (15/15)            Temple (1/1) D:5            Lair (5/5) D:11
  Swamp (0/4) Lair:3       Spider (3/4) Lair:3        Slime (0/5) Lair:4
    Orc (2/2) D:11            Elf (0/3) Orc:2        Vaults (0/5) D:14
 Depths (0/4) D:15        Gauntlet (visited)

Altars:
Ashenzari
Cheibriados
Dithmenos
Elyvilon
Fedhas
Gozag
Hepliaklqana
Kikubaaqudgha
Makhleb
Nemelex Xobeh
Okawaru
Qazlal
Ru
Sif Muna
Trog
Uskayaw
Vehumet
Wu Jian
Xom
Yredelemnul
Zin
The Shining One

Shops:
D:2 ((=   D:3 =   D:5 *   D:11 *   D:12 [:(   Orc:2 [(*[

Portals:
Abyss: Lair:3
Trove: D:10 (give ring "Hero's Friend")

Annotations:
D:4 3 runed translucent doors, pornopis's ghost, novice KoHu
Spider:1 exclusions: emperor scorpion and 3 more exclusions


Innate Abilities, Weirdness & Mutations

You are too large for most types of armour.
You have tough skin. (AC +1)
You have supernaturally acute eyesight. (SInv)


Message History

The culicivora draws strength from your injuries!
The culicivora bites you but does no damage.
Casting: Olgreb's Toxic Radiance (mildly dangerous; 1% risk of failure)
Confirm with . or Enter, or press ? or * to list all spells.
You begin to radiate toxic energy.
The culicivora looks as sick as possible!
The tarantella looks even sicker.
The culicivora looks as sick as possible!
The tarantella looks as sick as possible!
You kill the tarantella!
The tarantella's corpse disappears in a puff of smoke!
Unknown command.
The broodmother is healed somewhat.
Casting: Olgreb's Toxic Radiance (mildly dangerous; 1% risk of failure)
Confirm with . or Enter, or press ? or * to list all spells.
Your toxic radiance grows in intensity.
The culicivora looks as sick as possible!
The broodmother looks as sick as possible!
You kill the culicivora!
The culicivora's corpse disappears in a puff of smoke!
The broodmother misses you.
You hit the broodmother but do no damage.
The broodmother is lightly wounded.
Casting: Olgreb's Toxic Radiance (mildly dangerous; 1% risk of failure)
Confirm with . or Enter, or press ? or * to list all spells.
You don't know that spell.
Aim the phial where?
Press: ? - help, Shift-Dir - straight line, f - broodmother
Aim: a broodmother (moderately wounded, extremely poisoned)
The torrent of water hits the broodmother!
The broodmother is moderately wounded.
The broodmother is engulfed in water.
The wave splashes down.
The broodmother looks as sick as possible!
The broodmother bites you!!
* * * LOW HITPOINT WARNING * * *
The broodmother attacks as you move away!
The broodmother completely misses you.
The broodmother looks as sick as possible!
The broodmother bites you!!
You die...

## #..#^.###.††..# .##
##.....^#.......# ..#
###......##...#...#
#####........#...# #...#
....##......##~.## #..#
.....#.......#~## #.####
.#^..#..###..#~~## .#..#
....##....##.#~~s## #.###
.#..#......#.##~@~# ##...#
##..#......##.#.#...# #....#
............#.#.......#....#
......^.....####..#..##...##
.............####..[###..##
.............^.# #^ ###...##
......^.......^# ###^.....#
..............#######......#
.............##^..##.......#


You could see a broodmother (unsilenced, extremely poisoned, waterlogged).

Vanquished Creatures
  Arachne (Spider:3)
  Kirke (Lair:5)
  Roxanne (Spider:3)
  2 emperor scorpions (Spider:1)
  A ghost moth (Spider:3)
  Louise (Arena)
  The ghost of blade888 the Gelid, a journeyman DsIE of Gozag (D:14)
  2 very ugly things (D:15)
  A stone giant (Orc:1)
  A dire elephant (Lair:5)
  A minotaur (Gauntlet)
  The ghost of Kenran the Bludgeoner, a journeyman HuCK of Wu Jian (Lair:3)
  3 ettins
  Josephine (Orc:1)
  8 hydras
  A fire dragon (D:11)
  3 entropy weavers
  Harold (Orc:1)
  8 vault guards (D:14)
  Fannar (Lair:1)
  4 catoblepae
  3 centaur warriors
  An ogre mage (D:15)
  3 radroaches
  7 two-headed ogres
  6 boulder beetles
  A thrashing horror (Lair:3)
  A hell hog (Lair:3)
  A deep troll shaman (Lair:5)
  The ghost of Flubber the Arsonist, a journeyman OpFE of Sif Muna (D:11)
  Urug (Lair:5)
  17 death yaks
  3 demonic crawlers
  Amaemon (D:8)
  2 skysharks
  A sun moth (Spider:2)
  A pharaoh ant (Spider:3)
  2 orb spiders
  A glowing orange brain (D:15)
  An obsidian statue (D:11)
  A flayed ghost (D:8)
  4 steelbarb worms
  A necromancer (Gauntlet)
  3 orc knights
  10 ugly things
  9 wolf spiders
  5 manticores
  An orc sorcerer (Orc:1)
  A worldbinder (Lair:3)
  16 cyclopes
  A faun (shapeshifter) (D:15)
  5 moths of wrath
  8 elephants
  A torpor snail (Lair:4)
  4 black mambas
  2 gargoyles
  2 orange demons
  6 cane toads
  A kobold demonologist (D:11)
  An efreet (D:15)
  An unseen horror (D:11)
  A hellion (Lair:3)
  14 komodo dragons
  A rime drake (Lair:5)
  A freezing wraith (D:15)
  A meliai (shapeshifter) (D:13)
  A merfolk (D:14)
  A meliai (Lair:3)
  4 trolls
  2 polar bears (Lair:5)
  16 tarantellas
  2 hornets
  A hornet (shapeshifter) (D:15)
  8 blink frogs
  A raiju (Lair:3)
  8 dream sheep (Lair:5)
  16 jumping spiders
  A spriggan (Lair:3)
  12 wraiths
  8 culicivoras
  4 wyverns
  A vampire (D:13)
  12 slime creatures
  43 yaks
  3 hogs (Lair:5)
  2 vampire mosquitoes (D:13)
  21 fire bats (D:8)
  32 redbacks
  2 steam dragons
  A warg (Orc:1)
  2 acid dragons
  15 water moccasins
  17 orc warriors
  A sky beast (D:6)
  9 black bears
  A swamp drake (Lair:3)
  An ice beast (D:7)
  5 ogres
  38 wolves
  7 centaurs
  A kobold brigand (D:9)
  A necrophage (D:14)
  17 bullfrogs
  6 scorpions
  5 wights (D:6)
  11 killer bees
  6 electric eels
  4 howler monkeys
  5 jellies
  9 orc priests
  2 hounds
  2 gnoll boudas
  5 iguanas
  A sleepcap (D:8)
  Jessica (D:2)
  19 orc wizards
  16 gnolls
  3 adders
  A white imp (D:5)
  3 ufetubi
  A worm (D:2)
  2 dart slugs (D:2)
  64 orcs
  10 ball pythons
  13 endoplasms
  8 giant cockroaches
  5 goblins
  3 hobgoblins
  10 jackals
  71 bats
  10 kobolds
  6 rats
818 creatures vanquished.

Vanquished Creatures (collateral kills)
  A wyvern (D:8)
  A phantom (D:3)
  A jelly (D:4)
  A gnoll bouda (D:3)
  A gnoll (D:4)
  3 adders
  A dart slug (D:4)
  2 orcs (D:4)
  A ball python (D:1)
  3 endoplasms
  A hobgoblin (D:2)
  3 jackals
  A bat (D:2)
20 creatures vanquished.

Vanquished Creatures (others)
  A howler monkey (D:7)
1 creature vanquished.

Grand Total: 839 creatures vanquished

Notes
Turn   | Place    | Note
-------+----------+-------------------------------------------
     0 | D:1      | Ignak the Ogre Hedge Wizard began the quest for the Orb.
     0 | D:1      | Reached XP level 1. HP: 16/16 MP: 5/5
   152 | D:1      | Reached skill level 1 in Conjurations
   152 | D:1      | Reached skill level 1 in Translocations
   256 | D:1      | Reached XP level 2. HP: 24/24 MP: 3/6
   426 | D:1      | Learned a level 2 spell: Blink
   429 | D:1      | Learned a level 2 spell: Call Imp
   959 | D:1      | Reached XP level 3. HP: 31/31 MP: 8/8
   963 | D:1      | Learned a level 3 spell: Mephitic Cloud
  1272 | D:2      | Found Rajunimp's Antique Weapon Boutique.
  1279 | D:2      | Noticed Jessica
  1286 | D:2      | Killed Jessica
  1333 | D:2      | Found Luanim's Antique Weapon Shop.
  1377 | D:2      | Reached skill level 1 in Fighting
  1377 | D:2      | Reached XP level 4. HP: 22/41 MP: 10/10
  1448 | D:2      | Found Patasi's Jewellery Shop.
  1732 | D:2      | Reached skill level 1 in Unarmed Combat
  1838 | D:2      | Identified the amulet of Yendor {Reflect Fly rCorr Int+3
                  | SH+5 SInv}
  1874 | D:2      | Reached skill level 1 in Maces & Flails
  2466 | D:3      | Reached XP level 5. HP: 25/49 MP: 6/11
  2577 | D:3      | Found Yphealug's Jewellery Shop.
  2585 | D:3      | Reached skill level 2 in Fighting
  2750 | D:3      | Found a faded altar of an unknown god.
  3103 | D:3      | Found a burning altar of Makhleb.
  3196 | D:3      | Reached skill level 1 in Poison Magic
  3307 | D:3      | Reached skill level 1 in Axes
  3764 | D:4      | Reached skill level 1 in Air Magic
  3764 | D:4      | Reached XP level 6. HP: 45/59 MP: 12/12
  3841 | D:4      | Identified the +3 hand axe "Fagekkorph" {drain, Fragile
                  | rElec Will+ Int+7}
  3952 | D:5      | Entered Level 5 of the Dungeon
  4017 | D:4      | Reached skill level 3 in Fighting
  4218 | D:3      | Reached XP level 7. HP: 58/67 MP: 11/13
  4296 | D:4      | Found a stormy altar of Qazlal.
  4298 | D:4      | Noticed an air elemental
  4450 | D:4      | Noticed a water elemental
  4460 | D:4      | Noticed a fire elemental
  4584 | D:4      | Noticed pornopis's ghost (novice KoHu)
  4610 | D:4      | Found a runed translucent gate.
  4610 | D:4      | Found a runed translucent gate.
  4610 | D:4      | Found a runed translucent gate.
  4743 | D:4      | Reached skill level 4 in Fighting
  4951 | D:4      | Learned a level 5 spell: Lee's Rapid Deconstruction
  5293 | D:5      | Reached skill level 1 in Earth Magic
  5293 | D:5      | Reached XP level 8. HP: 58/79 MP: 12/15
  5365 | D:5      | Found a staircase to the Ecumenical Temple.
  5370 | D:5      | Found an ornate altar of the Wu Jian Council.
  5379 | Temple   | Entered the Ecumenical Temple
  5745 | Temple   | Became a worshipper of Warmaster Okawaru
  5789 | D:5      | Found Gozag's Platinum Reserve.
  5790 | D:5      | Found an opulent altar of Gozag.
  6108 | D:5      | Found a shimmering altar of Xom.
  6109 | D:5      | Found a shimmering altar of Xom.
  6110 | D:5      | Found a shimmering altar of Xom.
  6110 | D:5      | Found a shimmering altar of Xom.
  6417 | D:5      | Reached skill level 5 in Fighting
  6417 | D:5      | Reached skill level 5 in Spellcasting
  6479 | D:5      | Reached skill level 1 in Invocations
  7078 | D:6      | Reached * piety under Okawaru
  7079 | D:6      | Reached XP level 9. HP: 77/89 MP: 15/17
  7165 | D:6      | Reached skill level 6 in Fighting
  8200 | D:7      | Found a hide-covered altar of Uskayaw.
  8273 | D:7      | Reached skill level 5 in Axes
  8320 | D:7      | Reached skill level 7 in Fighting
  8404 | D:7      | Learned a level 2 spell: Passwall
  8408 | D:7      | Learned a level 3 spell: Stone Arrow
  8511 | D:7      | Reached ** piety under Okawaru
  8982 | D:8      | Found a sparkling altar of Nemelex Xobeh.
  9177 | D:8      | Found a shimmering blue altar of Sif Muna.
  9329 | D:8      | Noticed a hornet
  9333 | D:8      | Noticed an orange demon
  9333 | D:8      | Noticed Amaemon
  9361 | D:8      | Killed an orange demon
  9362 | D:8      | Reached XP level 10. HP: 100/104 MP: 1/19
  9378 | D:8      | Killed Amaemon
  9378 | D:8      | Reached *** piety under Okawaru
  9379 | D:8      | Reached skill level 8 in Fighting
  9404 | D:8      | Reached skill level 5 in Earth Magic
 10015 | D:8      | Found a runed translucent door.
 10042 | D:8      | Reached skill level 5 in Dodging
 10146 | D:8      | Found a shimmering altar of Xom.
 10163 | D:8      | Reached **** piety under Okawaru
 10166 | D:8      | Reached skill level 9 in Fighting
 10220 | D:8      | Noticed a flayed ghost
 10320 | D:8      | Found an ornate altar of the Wu Jian Council.
 10371 | D:8      | Found a stormy altar of Qazlal.
 10384 | D:8      | Reached XP level 11. HP: 91/115 MP: 21/21
 10570 | D:8      | Killed a flayed ghost
 10586 | D:8      | Learned a level 4 spell: Olgreb's Toxic Radiance
 10684 | D:8      | Found a sacrificial altar of Ru.
 10728 | D:8      | Found an ornate altar of the Wu Jian Council.
 10739 | D:8      | Reached ***** piety under Okawaru
 10834 | D:8      | Found a sparkling altar of Nemelex Xobeh.
 10850 | D:8      | Reached skill level 5 in Invocations
 11268 | D:9      | Found a shadowy altar of Dithmenos.
 11353 | D:9      | Reached skill level 10 in Fighting
 11585 | D:2      | Bought a +4 ring of protection for 432 gold pieces
 12402 | D:10     | Entered Level 10 of the Dungeon
 12685 | D:10     | Found a portal to a secret trove of treasure.
 12803 | D:10     | Noticed a two-headed ogre
 12810 | D:10     | Identified the +2 robe "Neh Mit" {Fly Int+6 SInv} (Okawaru
                  | gifted it to you on level 10 of the Dungeon)
 12810 | D:10     | Received a gift from Okawaru
 12816 | D:10     | Reached skill level 1 in Armour
 12820 | D:10     | Killed a two-headed ogre
 13631 | D:11     | Noticed a cyclops
 13632 | D:11     | Noticed a two-headed ogre
 13637 | D:11     | Noticed an orc knight
 13646 | D:11     | Killed a cyclops
 13654 | D:11     | Killed an orc knight
 13676 | D:11     | Killed a two-headed ogre
 13677 | D:11     | Reached XP level 12. HP: 60/128 MP: 2/23
 13698 | D:11     | Noticed a boulder beetle
 13865 | D:11     | Found a staircase to the Orcish Mines.
 13995 | D:11     | Found a runed translucent gate.
 13995 | D:11     | Found a runed translucent gate.
 13995 | D:11     | Found a runed translucent gate.
 13996 | D:11     | Found an opulent altar of Gozag.
 13997 | D:11     | Noticed Flubber's ghost (journeyman OpFE)
 13997 | D:11     | Noticed a centaur warrior
 14018 | D:11     | Noticed a fire dragon
 14018 | D:11     | Noticed an eight-headed hydra
 14019 | D:11     | Found Quatisos's Assorted Antiques.
 14048 | D:11     | Reached skill level 11 in Fighting
 14048 | D:11     | Reached skill level 5 in Conjurations
 14070 | D:11     | Killed a boulder beetle
 14208 | D:11     | Found a staircase to the Lair.
 14435 | Orc:1    | Entered Level 1 of the Orcish Mines
 14543 | Orc:1    | Noticed Josephine
 14561 | Orc:1    | Killed Josephine
 15046 | Orc:1    | Received a gift from Okawaru
 15047 | Orc:1    | Reached skill level 5 in Poison Magic
 15355 | Orc:1    | Noticed Harold
 15385 | Orc:1    | Killed Harold
 15474 | Orc:2    | Entered Level 2 of the Orcish Mines
 15509 | Orc:2    | Noticed an ettin
 15509 | Orc:2    | Noticed an ettin
 15528 | Orc:1    | Killed an ettin
 15551 | Orc:1    | Killed an ettin
 15552 | Orc:1    | Reached XP level 13. HP: 59/139 MP: 0/25
 15640 | Orc:1    | Reached ****** piety under Okawaru
 15641 | Orc:1    | Reached skill level 12 in Fighting
 15766 | Orc:2    | Found a staircase to the Elven Halls.
 15769 | Orc:2    | Noticed a stone giant
 15779 | Orc:2    | Identified the +0 robe of Curiosity {rPois rCorr MP+9
                  | Dex-4} (Okawaru gifted it to you on level 2 of the Orcish
                  | Mines)
 15779 | Orc:2    | Received a gift from Okawaru
 15801 | Orc:1    | Killed a stone giant
 15956 | Orc:2    | Found Laeh's Antique Weapon Shop.
 16064 | Orc:2    | Found Vosacin's General Store.
 16098 | Orc:2    | Noticed an ettin
 16117 | Orc:2    | Killed an ettin
 16220 | Orc:2    | Found Mailopt's Antique Armour Emporium.
 16306 | Orc:2    | Found Kustra's Antique Armour Emporium.
 16467 | Orc:2    | Found Omiah's Book Emporium.
 16600 | Orc:2    | Bought the +8 broad axe of Somewhere Else {holy, rElec rC-
                  | Str+4} for 813 gold pieces
 16760 | Lair:1   | Entered Level 1 of the Lair of Beasts
 16794 | D:11     | Learned a level 5 spell: Freezing Cloud
 16880 | Lair:1   | Identified the +8 scimitar of an ossuary {pain, *Noise rF+
                  | Will+}
 16944 | Lair:1   | Identified the +7 hand axe "Xin Qex" {speed, rElec rPois
                  | Str+6}
 16950 | Lair:1   | Noticed Fannar
 16980 | Lair:1   | Killed Fannar
 17094 | Lair:1   | Reached skill level 1 in Ice Magic
 18050 | Lair:2   | Reached skill level 10 in Axes
 18260 | Lair:2   | Identified the +0 hat "Iralonop" {rPois Regen+ MP-9 SInv}
                  | (Okawaru gifted it to you on level 2 of the Lair of Beasts)
 18260 | Lair:2   | Received a gift from Okawaru
 18691 | Lair:2   | Reached XP level 14. HP: 150/150 MP: 21/26
 19271 | Orc:2    | Bought a scroll of identify for 26 gold pieces
 19290 | Orc:2    | Bought a cloak for 117 gold pieces
 19394 | Lair:3   | Found a gate leading to a gauntlet.
 19425 | Lair:3   | Found a staircase to the Swamp.
 19446 | Gauntlet | Entered a Gauntlet
 19446 | Gauntlet | Found a transporter.
 19446 | Gauntlet | Found a transporter.
 19451 | Gauntlet | Found a runed translucent gate.
 19452 | Gauntlet | Found a transporter.
 19452 | Gauntlet | Found a runed translucent gate.
 19454 | Gauntlet | Found a transporter.
 19455 | Gauntlet | Found a transporter.
 19456 | Gauntlet | Found a runed translucent gate.
 19457 | Gauntlet | Found a transporter.
 19500 | Gauntlet | Found a transporter.
 19503 | Gauntlet | Found a transporter.
 19503 | Gauntlet | Found a transporter.
 19516 | Gauntlet | Found a transporter.
 19530 | Gauntlet | Found a runed translucent door.
 19532 | Gauntlet | Found a transporter.
 19534 | Gauntlet | Found a runed translucent door.
 19542 | Gauntlet | Found a transporter.
 19556 | Gauntlet | Found a transporter.
 19577 | Gauntlet | Found a transporter.
 19747 | Gauntlet | Got Sif Muna's Guide on Heated Weather
 19759 | Gauntlet | Learned a level 3 spell: Ignite Poison
 19866 | Gauntlet | Identified the ring of Aneliufo {rF+ rC+}
 19888 | Gauntlet | Learned a level 3 spell: Ozocubu's Armour
 19908 | Gauntlet | Identified the staff of poison "Zutwy" {Contam rPois Will+
                  | Int+4}
 20146 | Lair:3   | Reached skill level 13 in Fighting
 20309 | Lair:3   | Found a hazy altar of Hepliaklqana.
 20341 | Lair:3   | Identified the +10 falchion of Mayhem {spect, Str+4}
 20363 | Lair:3   | Found a transporter.
 20363 | Lair:3   | You are sucked into a shaft and drop 2 floors!
 20363 | Lair:5   | Entered Level 5 of the Lair of Beasts
 20607 | Lair:5   | Noticed Urug
 20610 | Lair:5   | Noticed Kirke
 20637 | Lair:5   | Killed Kirke
 20637 | Lair:5   | Received a gift from Okawaru
 20639 | Lair:5   | Killed Urug
 20947 | Lair:5   | Identified the +6 mace "Mati" {antimagic, Will+ Int+5}
 21284 | Lair:3   | Noticed Kenran's ghost (journeyman HuCK)
 21285 | Lair:3   | Found a transporter.
 21295 | Lair:3   | Found a one-way gate to the infinite horrors of the Abyss.
 21324 | Lair:3   | Found a hole to the Spider Nest.
 22136 | Lair:3   | Killed Kenran's ghost
 22305 | Lair:4   | Identified the +0 cloak of Protective Custody {rC+}
                  | (Okawaru gifted it to you on level 4 of the Lair of Beasts)
 22305 | Lair:4   | Received a gift from Okawaru
 22309 | Lair:4   | Reached XP level 15. HP: 97/142 MP: 15/28
 22406 | Lair:4   | Reached skill level 5 in Ice Magic
 22576 | Lair:4   | Found a runed translucent door.
 22580 | Lair:4   | Found a staircase to the Slime Pits.
 24261 | Lair:5   | Identified the +2 ring mail of the Salamander {rPois rN+
                  | rCorr}
 25042 | D:11     | Killed Flubber's ghost
 25043 | D:11     | Received a gift from Okawaru
 25400 | D:11     | Bought a glowing cloak for 247 gold pieces
 25526 | D:12     | Found Ofyalum's Book Shop.
 25527 | D:12     | Found Tearast's Armour Shop.
 25527 | D:12     | Found Hyrodiu's Antique Weapon Shop.
 25980 | D:12     | Reached skill level 10 in Spellcasting
 26743 | D:13     | Reached skill level 14 in Fighting
 27380 | D:14     | Found a runed translucent door.
 27380 | D:14     | Noticed blade888's ghost (journeyman DsIE)
 27765 | D:14     | Found a gate to the Vaults.
 27770 | D:14     | Identified the +1 robe of Joeffokh {rF++} (Okawaru gifted
                  | it to you on level 14 of the Dungeon)
 27770 | D:14     | Received a gift from Okawaru
 27771 | D:14     | Reached XP level 16. HP: 172/172 MP: 18/30
 27980 | D:14     | Reached skill level 10 in Poison Magic
 28250 | D:14     | Killed blade888's ghost
 28285 | D:15     | Entered Level 15 of the Dungeon
 28573 | D:15     | Identified the +1 short sword of Zin's Esteem {freeze,
                  | Int+3}
 29433 | D:15     | Found a staircase to the Depths.
 29643 | Spider:1 | Entered Level 1 of the Spider Nest
 30076 | Spider:1 | Received a gift from Okawaru
 30968 | Spider:2 | Gained mutation: You have supernaturally acute eyesight.
                  | (SInv) [mutagenic glow]
 31337 | Spider:2 | HP: 2/174 [sun moth (16)]
 31998 | Spider:3 | Noticed Louise
 32001 | Spider:3 | Noticed Arachne
 32013 | Arena    | Entered the Arena
 32024 | Arena    | Killed Louise
 32025 | Arena    | Reached XP level 17. HP: 70/182 MP: 3/31
 32066 | Spider:3 | Killed Arachne
 32277 | Spider:3 | Identified Roxanne's Guidebook on the Body
 32277 | Spider:3 | Noticed Roxanne
 32282 | Spider:3 | Reached skill level 15 in Fighting
 32311 | Spider:3 | Reached skill level 10 in Invocations
 32538 | Spider:3 | Killed Roxanne
 32546 | Spider:3 | Learned a level 2 spell: Wereblood
 32855 | Spider:3 | Received a gift from Okawaru
 32961 | Spider:3 | Reached skill level 1 in Transmutations
 33347 | Spider:3 | Mangled by a broodmother

Illustrated notes

Levels and vault maps discovered:
D:1:      dpeg_arrival_houses_and_road, layout_basic, minmay_tree_intersection,
          minmay_worlds_worst_comb
D:2:      minmay_wonky_spiral, layout_loops_ring, serial_shops,
          nicolae_shop_scrapyard, shop, shop, uniq_jessica
D:3:      layout_basic, lightli_temple_of_fire, serial_shops,
          nicolae_square_shop, ebering_ecumenical_altar_rust
D:4:      layout_basic, nicolae_qazlal_style_of_elements,
          nicolae_ossuary_entry_plus, gammafunk_ghost_icy
D:5:      layout_cave_pools, xom_redecorated, nzn_wu_jian_council_hall,
          nicolae_gozag_zags_fifth_avenue, minmay_temple_entry_tees,
          grunt_tough_drop
D:6:      layout_basic, nicolae_letterblocks [nicolae_letter_subblock,
          nicolae_letter_subblock, nicolae_letter_subblock,
          nicolae_letter_subblock, nicolae_letter_subblock,
          nicolae_letter_subblock, nicolae_letter_subblock,
          nicolae_letter_subblock, nicolae_letter_subblock,
          nicolae_letter_subblock, nicolae_letter_subblock,
          nicolae_letter_subblock, nicolae_letter_subblock,
          nicolae_letter_subblock, nicolae_letter_subblock,
          nicolae_letter_subblock, nicolae_letter_subblock,
          nicolae_letter_subblock, nicolae_letter_subblock,
          nicolae_letter_subblock, nicolae_letter_subblock,
          nicolae_letter_subblock, nicolae_letter_subblock,
          nicolae_letter_subblock, nicolae_letter_subblock]
D:7:      layout_loops_ring, lemuel_tele_altar
D:8:      due_megacathedral, layout_basic, lemuel_doored_altar,
          nicolae_sif_muna_condensation, minmay_misc_feat_x, uniq_amaemon
D:9:      layout_loops_ring, nicolae_dithmenos_shadow_blocks,
          nicolae_concentric_dashed_squares_mild, lemuel_flamethrower_2
D:10:     layout_roguey, nicolae_trove_entry_free_sample, serial_rivers,
          chequers_serial_rivers_large_a, chequers_serial_rivers_room_b,
          chequers_serial_rivers_large_b, chequers_serial_rivers_micro_b,
          chequers_serial_rivers_marsh, minmay_misc_feat_secret_circle
D:11:     erik_rubicon_a, layout_rooms, due_lair_maze_entry_diamond,
          david_orc_5, ebering_ghost_gozag
D:12:     layout_irregular_city, nicolae_shop_distant_corner_stores
D:13:     layout_basic, lemuel_old_faithful
D:14:     layout_basic, erik_vaults_2, gammafunk_ghost_grave,
          kennysheep_another_room, nrook_mini_backslash, hangedman_stone_soup,
          kennysheep_generic_room_9
D:15:     gammafunk_enter_depths_forms, layout_loops_ring,
          minmay_misc_feat_ornament
Temple:   compressed_dpeg_triangle_lava_temple
Lair:1:   layout_small_grid, infiniplex_staircase_pool, serial_bayou_shore_b,
          grunt_megastairs_5, uniq_fannar
Lair:2:   layout_gridlike, eino_small_chamber_without_monster,
          beast_lair_carwin_11
Lair:3:   layout_regular_city, minmay_swamp_entry_reptiles,
          hellmonk_spider_entry_not_the_bees, gauntlet_entry_generic,
          basic_altar, gammafunk_ghost_abyssal_escape
Lair:4:   layout_cellular_growth, slime_entry_2
Lair:5:   grunt_lair_end_beastmaster, layout_hall_layers,
          dreamdust_gnoll_shepherd, uniq_kirke, uniq_urug
Spider:1: layout_spider_delve
Spider:2: layout_spider_delve, drop_trap
Spider:3: layout_spider_delve, hellmonk_spider_spawner, uniq_arachne,
          uniq_louise, uniq_roxanne
Orc:1:    layout_diamond_mine, nicolae_orc_damp_corner, nicolae_orc_lava_tube,
          uniq_josephine, uniq_harold
Orc:2:    grunt_orc_gardens, layout_diamond_mine, grunt_orc_garden,
          grunt_orc_garden, grunt_orc_garden, grunt_orc_garden, basic_altar,
          serial_shops, nicolae_shop_pleasant_corner_grove

Skill      XL: |  1  2  3  4  5  6  7  8  9 10 11 12 13 14 15 16 17 |
---------------+----------------------------------------------------+-----
Conjurations   | 1 2 3 4 5 7 8 |  8.0
Translocations | 1 2 3 |  3.0
Dodging        | 2 3 4 5 6 7 8 9 |  9.2
Spellcasting   | 4 5 6 7 8 9 10 11 | 11.2
Fighting       | 1 2 3 4 5 7 9 10 11 12 13 14 15 | 15.2
Unarmed Combat | 1 |  1.0
Maces & Flails | 1 |  1.0
Poison Magic   | 1 2 3 5 6 7 9 11 | 11.9
Axes           | 1 2 3 4 5 7 8 9 10 11 12 13 | 13.5
Air Magic      | 1 2 |  2.0
Earth Magic    | 1 2 4 5 6 7 8 |  8.0
Invocations    | 2 3 4 5 6 7 8 9 10 | 10.0
Armour         | 2 3 4 |  4.0
Ice Magic      | 2 4 6 8 |  8.0
Transmutations | 1 |  1.4
Stealth        | |  1.4
Summonings     | |  0.9

Action                     |  1- 3 |  4- 6 |  7- 9 | 10-12 | 13-15 | 16-18 || total
---------------------------+-------+-------+-------+-------+-------+-------++-------
  Melee: Unarmed           |    45 |       |       |       |       |       ||    45
         Dagger            |     4 |       |       |       |       |       ||     4
         Club              |    40 |       |       |       |       |       ||    40
         Mace              |    25 |    66 |       |       |       |       ||    91
         War axe           |       |    94 |       |       |       |       ||    94
         Punch             |       |     1 |     2 |     5 |    14 |     8 ||    30
         Hand axe          |       |    36 |   396 |   561 |   366 |   244 ||  1603
         Broad axe         |       |       |       |       |   437 |   125 ||   562
  Throw: Dart              |     2 |     1 |       |       |       |       ||     3
         Large rock        |       |       |       |       |     7 |     1 ||     8
   Cast: Magic Dart        |    17 |     4 |       |       |       |       ||    21
         Call Imp          |     5 |    15 |     5 |       |       |       ||    25
         Mephitic Cloud    |     1 |     5 |    15 |    19 |    33 |     6 ||    79
         Blink             |       |     1 |     5 |     1 |    12 |     5 ||    24
         Lee's Rapid Decon |       |       |     1 |    10 |     7 |     9 ||    27
         Stone Arrow       |       |       |       |    25 |    27 |     4 ||    56
         Olgreb's Toxic Ra |       |       |       |    36 |   107 |    78 ||   221
         Freezing Cloud    |       |       |       |       |    25 |    10 ||    35
         Ozocubu's Armour  |       |       |       |       |     2 |     1 ||     3
         Ignite Poison     |       |       |       |       |     1 |    21 ||    22
         Passwall          |       |       |       |       |     1 |       ||     1
         Wereblood         |       |       |       |       |       |     2 ||     2
 Invoke: Heroism           |       |       |     2 |     3 |     2 |     2 ||     9
         Finesse           |       |       |       |       |     1 |     2 ||     3
         Duel              |       |       |       |       |       |     1 ||     1
  Evoke: Wand              |       |       |     1 |       |     2 |     2 ||     5
         Phial of floods   |       |       |       |       |     1 |     1 ||     2
    Use: Scroll            |       |     6 |     3 |     5 |    12 |     4 ||    30
         Potion            |       |       |     2 |     1 |    12 |     4 ||    19
   Stab: Sleeping          |     1 |     3 |     2 |       |       |       ||     6
         Confused          |       |       |     2 |    16 |    17 |     2 ||    37
         Paralysed         |       |       |     2 |       |       |       ||     2
         Distracted        |       |       |     1 |     1 |       |       ||     2
         Invisible         |       |       |       |       |     2 |       ||     2
         Petrified         |       |       |       |       |     4 |       ||     4
         Petrifying        |       |       |       |       |     1 |       ||     1
 Armour: Robe              |    55 |    79 |   130 |    80 |       |       ||   344
         Troll leather arm |       |       |       |    54 |   295 |   131 ||   480
         Skin              |       |       |       |       |       |     2 ||     2
  Dodge: Dodged            |    81 |   118 |   246 |   456 |   641 |   251 ||  1793
  Block: Other             |       |    40 |   105 |   147 |   190 |    90 ||   572
         Reflection        |       |     1 |     4 |     3 |     3 |     3 ||    14

Table legend: (Time is in decaauts)
 A = Elapsed time spent in this place.
 B = Non-inter-level travel time spent in this place.
 C = Inter-level travel time spent in this place.
 D = Time resting spent in this place.
 E = Time spent auto-exploring this place.
 F = Levels seen in this place.
 G = Mean time per level.
                   A        B        C        D        E       F      G
               +--------+--------+--------+--------+--------+-----+--------+
         Total |  33280 |  31611 |   1669 |   5256 |  17211 |  28 | 1188.6 |
       Dungeon |  18807 |  17832 |    975 |   2710 |  10187 |  15 | 1253.8 |
        Temple |    543 |    543 |      0 |    155 |    270 |   1 |  543.0 |
          Lair |   7322 |   6915 |    407 |    878 |   3888 |   5 | 1464.4 |
   Spider Nest |   3545 |   3481 |     64 |    996 |   1789 |   3 | 1181.7 |
  Orcish Mines |   2430 |   2208 |    222 |    428 |   1010 |   2 | 1215.0 |
      Gauntlet |    602 |    602 |      0 |     88 |     67 |   1 |  602.0 |
         Arena |     28 |     28 |      0 |      0 |      0 |   1 |   28.0 |
               +--------+--------+--------+--------+--------+-----+--------+

Top non-repeatable levels by time:
     D:8: 2174 daAuts
    D:11: 1851 daAuts
  Lair:3: 1771 daAuts
  Lair:5: 1599 daAuts
     D:3: 1589 daAuts
  Lair:4: 1561 daAuts
   Orc:1: 1538 daAuts
     D:4: 1364 daAuts
Spider:3: 1344 daAuts
     D:2: 1264 daAuts
     D:1: 1240 daAuts
    D:15: 1232 daAuts
  Lair:1: 1224 daAuts
     D:5: 1199 daAuts
  Lair:2: 1164 daAuts
